 Dungeon Crawl Stone Soup version 0.28.0-43-g3370ac3207 (webtiles) character file.

Game seed: 11521400630113008421

36 jimonade the Scratcher (level 3, 0/15 HPs)
             Began as a Felid Transmuter on Mar 12, 2022.
             Succumbed to an adder's poison
             ... on level 2 of the Dungeon.
             The game lasted 00:08:35 (2089 turns).

jimonade the Scratcher (Felid Transmuter)           Turns: 2089, Time: 00:08:36

Health: 0/15       AC:  5    Str:  6    XL:     3   Next: 19%
Magic:  5/7        EV: 18    Int: 14    God:
Gold:   81         SH:  0    Dex: 18    Spells: 5/6 levels left
                                        Lives:  0   Deaths: 0

rFire   . . .      SeeInvis +     - Unarmed
rCold   . . .      Faith    .   (shield unavailable)
rNeg    . . .      Spirit   .   (armour unavailable)
rPois   .          Reflect  .   (helmet unavailable)
rElec   .          Harm     .   (cloak unavailable)
rCorr   .          Rampage  .   (gloves unavailable)
Will    .....                   (boots unavailable)
Stlth   ++........              (no amulet)
HPRegen 0.05/turn               h - +4 ring of protection
MPRegen 0.10/turn               (no ring)

@: lethally poisoned (0 -> -3), appendages (expiring), attractive, quick
A: horns 2, very small, claws 1, fangs 3, see invisible, speed 1, shaggy fur 1,
stealthy paws, no weapons or thrown items, no armour, multi-lived
a: End Transformation


You were on level 2 of the Dungeon.
You had temporarily grown beastly horns.
You visited 1 branch of the dungeon, and saw 2 of its levels.

You collected 81 gold pieces.

Inventory:

Hand Weapons
 i - a +1 dagger of freezing
Missiles
 b - 23 arrows
 d - 4 stones
Jewellery
 h - a +4 ring of protection (left paw)
Scrolls
 a - a scroll of teleportation {unknown}
 c - a scroll of vulnerability {unknown}
 e - a scroll of enchant armour {unknown}
 f - 2 scrolls of identify {unknown}


   Skills:
 * Level 1.4 Fighting
 * Level 2.9 Dodging
 * Level 3.5 Unarmed Combat
 * Level 2.4 Spellcasting
 * Level 2.5 Transmutations


You had 5 spell levels left.
You knew the following spells:

 Your Spells              Type           Power      Damage    Failure   Level
a - Beastly Appendage     Tmut           16%        N/A       8%          1

Your spell library contained the following spells:

 Spells                   Type           Power      Damage    Failure   Level
 Wereblood                Tmut           8%         N/A       12%         2
 Spider Form              Tmut/Pois      5%         N/A       38%         3
 Ice Form                 Ice/Tmut       5%         N/A       80%         4


Dungeon Overview and Level Annotations

Branches:
Dungeon (2/15)

Altars:

Shops:
D:1 [


Innate Abilities, Weirdness & Mutations

You have temporarily grown beastly horns.
You have sharp claws.
You have razor-sharp teeth.
You have supernaturally acute eyesight. (SInv)
You cover ground quickly. (Speed+)
You are covered in fur. (AC +1)
Your paws help you pounce on unaware monsters.
You are incapable of wielding weapons or throwing items.
You cannot wear armour.
You gain extra lives every three experience levels.


Message History

HP restored.
Found a hunting sling.
Your horns disappear.
No target in view!
No target in view!
An adder comes into view.
Found 14 sling bullets.
f - 2 scrolls labelled AHABRU KOPIME WYWO (gained 1)
The adder hisses angrily.
You grow a pair of large bovine horns.
You miss the adder. The adder barely misses you.
You closely miss the adder. You bite the adder.
The adder is lightly wounded.
Your transformation is almost over.
The adder bites you.
You closely miss the adder. You headbutt the adder!
The adder is severely wounded.
The adder bites you.
You scratch the adder but do no damage.
The adder is severely wounded.
The adder closely misses you. The adder misses you.
You barely miss the adder. Your headbutt misses the adder.
The adder is severely wounded.
The adder bites you.
* * * LOW HITPOINT WARNING * * *
You are lethally poisoned!
The adder poisons you!
It was a potion of attraction.
You feel attractive to monsters.
* * * LOW HITPOINT WARNING * * *
You feel sick. The adder misses you.
You miss the adder. You headbutt the adder.
You kill the adder!
* * * LOW HITPOINT WARNING * * *
You feel sick.
You have reached level 3!
Your experience leads to an increase in your attributes!
Increase (S)trength, (I)ntelligence, or (D)exterity?
You feel agile. x2
You die...

.# #.#......#
.# .#
#...###.## #.#
.# ###....##
#.. .#
#.###.###.# .#
#<# ##.#.####.#
.# #.#
##.......# .#
#.# #..####.#
#.#####..####..
#...@..........
#######..#####.
#..# #.)# #..#
.... .....
####(


There were no monsters in sight!

Vanquished Creatures
  An adder (D:2)
  7 bats
  2 endoplasms (D:1)
  3 goblins
  3 hobgoblins (D:1)
  2 quokkas (D:1)
  3 frilled lizards
  3 kobolds (D:1)
  4 rats
28 creatures vanquished.

Notes
Turn   | Place    | Note
-------+----------+-------------------------------------------
     0 | D:1      | jimonade the Felid Transmuter began the quest for the Orb.
     0 | D:1      | Reached XP level 1. HP: 9/9 MP: 4/4
   222 | D:1      | Found Ifamogh's Armour Emporium.
   842 | D:1      | Reached XP level 2. HP: 8/12 MP: 4/6
  1284 | D:1      | Found a faded altar of an unknown god.
  2089 | D:2      | Reached XP level 3. HP: 1/15 MP: 5/7
  2089 | D:2      | Succumbed to an adder's poison

Illustrated notes

Levels and vault maps discovered:
D:1:      zelgadis_glass_arrival_small, layout_loops_corners, serial_shops,
          nicolae_shop_trees, chequers_ecumenical_altar_simple
D:2:      layout_loops_ring, serial_shops, shop

Action                   || total
-------------------------++-------
Melee: Unarmed           ||    70
       Punch             ||     3
       Headbutt          ||     9
       Bite              ||     6
 Cast: Beastly Appendage ||    22
  Use: Potion            ||     1
 Stab: Sleeping          ||     1
Armor: Skin              ||     5
Dodge: Dodged            ||    56
